AoeStats
← JanBecher

QS Arena

503200413Analyzed
1v1 RM · 2mo ago on Aug 30, 2026· 43m 12s· 2 players
Game mode
Random Map
Map size
Tiny (2 player)
Population
200
Speed
Normal
Resources
Standard
Victory
Conquest
Starting age
Dark Age
Ending age
Imperial Age
RankedLock teamsTeams togetherTeam positionsShared explorationLock speedFull tech treeHidden civsTurbo modeCheats
Victory
Defeat
🇦🇹 Sicilians · Austria
141
+25
vs
🇺🇸 Mongols · United States
377
-25
JanBecher
2:40 Loom
11:57 Feudal Age
12:23 Horse Collar
12:33 Double-Bit Axe
14:15 Gold Mining
14:17 Stone Mining
16:48 Wheelbarrow
16:59 Bloodlines
18:19 Scale Barding Armor
22:22 Castle Age
21:01 Fletching
21:13 Scale Mail Armor
22:43 Padded Archer Armor
22:47 Town Watch
23:25 Heavy Plow
24:26 Bow Saw
26:05 Leather Archer Armor
27:24 Gold Shaft Mining
27:49 Husbandry
28:35 Forging
29:27 Light Cavalry
34:54 Imperial Age
33:21 Chain Barding Armor
32:44 Man-at-Arms
34:11 Fervor
35:09 Stone Shaft Mining
35:37 Ballistics
35:30 Masonry
39:55 First Crusade
42:21 Murder Holes
bookworm
6:28 Loom
9:11 Feudal Age
11:29 Wheelbarrow
10:37 Horse Collar
10:43 Double-Bit Axe
12:10 Scale Barding Armor
12:09 Padded Archer Armor
17:27 Castle Age
18:55 Hand Cart
18:43 Heavy Plow
18:55 Bow Saw
18:38 Gold Mining
18:41 Stone Mining
23:04 Husbandry
23:16 Bloodlines
22:28 Light Cavalry
24:22 Town Watch
26:48 Thumb Ring
27:05 Fervor
27:42 Gold Shaft Mining
27:45 Stone Shaft Mining
27:05 Fletching
29:48 Town Patrol
33:49 Leather Archer Armor
33:55 Chain Barding Armor
33:32 Bodkin Arrow
36:25 Imperial Age
36:30 Nomads
37:35 Forging
38:39 Heavy Cavalry Archer
39:44 Parthian Tactics
40:08 Murder Holes
40:24 Fortified Wall
41:15 Chemistry
40:35 Ballistics
40:19 Bracer
Connection lost

Rejoining the realm…

Still unreachable

The connection could not be restored.

Session expired

The server has moved on; the page needs a fresh start.